 Dungeon Crawl Stone Soup version 0.16-a0-4113-g7d8e295 (webtiles) character file.

12128 Leibowitz the Nimble (level 12, 0/75 HPs)
             Began as a Kobold Fighter on Feb 28, 2015.
             Was a High Priest of Okawaru.
             Slain by Erica
             ... wielding a +3 scimitar of flaming
              (6 damage)
             ... on level 2 of the Orcish Mines.
             The game lasted 00:48:56 (13571 turns).

Leibowitz the Nimble (Kobold Fighter)              Turns: 13571, Time: 00:48:56

Health: 0/75       AC:  1    Str: 30    XL:     12   Next: 16%
Magic:  10/10      EV: 32    Int: 10    God:    Okawaru [*****.]
Gold:   1066       SH:  8    Dex: 25    Spells: 0 memorised, 11 levels left

rFire  . . .     SeeInvis .     s - +1 dagger (venom)
rCold  + . .     Clarity  .     w - -4 robe "Groor" {rPois Str+6}
rNeg   . . .     SustAb   .     c - +0 buckler
rPois  +         Gourm    .     (no helmet)
rElec  .         Spirit   .     j - +0 cloak
rCorr  .         Warding  .     (no gloves)
rMut   .         Stasis   .     r - +0 pair of boots
MR     .....                    k - amulet "Chum" {Faith Str+8 Int+4 Dex+6 Stlth-}
Stlth  +++++.....               B - +4 ring of evasion
                                A - ring of protection from cold

@: not resistant to hostile enchantments, quite stealthy
A: blurry vision 1, breathe flames 1, carnivore 3, low mp 1
a: Heroism, Finesse, Renounce Religion, Breathe Fire


You were on level 2 of the Orcish Mines.
You worshipped Okawaru.
Okawaru was extremely pleased with you.
You were completely stuffed.

You visited 3 branches of the dungeon, and saw 13 of its levels.

You collected 1178 gold pieces.
You spent 112 gold pieces at shops.

Inventory:

Hand weapons
 a - a +4 rapier of speed
 b - a +0 blowgun
 s - a +1 dagger of venom (weapon)
Missiles
 f - 44 poisoned needles
Armour
 c - a +0 buckler (worn)
 j - a +0 cloak (worn)
 r - a +0 pair of boots (worn)
 w - the -4 robe "Groor" (worn) {rPois Str+6}
   (Okawaru gifted it to you on level 10 of the Dungeon)

   It affects your strength (+6).
   It protects you from poison.
 z - a +2 scale mail of magic resistance
Jewellery
 k - the amulet "Chum" (around neck) {Faith Str+8 Int+4 Dex+6 Stlth-}
   (You found it on level 4 of the Dungeon)

   [amulet of faith]

   It allows you to gain divine favour quickly.
   It affects your strength (+8).
   It affects your intelligence (+4).
   It affects your dexterity (+6).
   It makes you less stealthy.
 v - an uncursed ring of positive energy
 x - an uncursed amulet of guardian spirit
 A - a ring of protection from cold (left hand)
 B - a +4 ring of evasion (right hand)
 C - a cursed amulet of inaccuracy {unknown}
 D - an uncursed amulet of regeneration {unknown}
Magical devices
 q - a wand of cold (8)
 t - a wand of confusion (18)
 y - a wand of paralysis (6)
Scrolls
 g - a scroll of fear
 h - 7 scrolls of identify
 i - 2 scrolls of enchant weapon
 l - 4 scrolls of teleportation
 p - 5 scrolls of remove curse
Potions
 e - 3 potions of might
 n - a potion of ambrosia
 o - 2 potions of agility
 H - a potion of curing
Comestibles
 d - 5 meat rations
 m - 2 slices of pizza
 u - a beef jerky
 E - 3 chunks of flesh
 F - a royal jelly


   Skills:
 * Level 8.4 Fighting
 - Level 10.2 Short Blades
 * Level 5.6 Armour
 * Level 11.7 Dodging
 * Level 9.8 Stealth
 * Level 6.7 Shields


You had 11 spell levels left.
You didn't know any spells.

Dungeon Overview and Level Annotations

Branches:
Dungeon (10/15)            Temple (1/1) D:5            Lair (0/8) D:10
    Orc (2/4) D:10

Altars:
Ashenzari
Cheibriados
Dithmenos
Elyvilon
Fedhas
Gozag
Kikubaaqudgha
Makhleb
Nemelex Xobeh
Okawaru
Qazlal
Ru
Sif Muna
Trog
Vehumet
Xom
Yredelemnul
Zin
The Shining One
Beogh

Shops:
D:8 :   D:10 *   Orc:1 (   Orc:2 !

Annotations:
Orc:2 Erica


Innate Abilities, Weirdness & Mutations

You are small and have problems with some larger weapons.
You are carnivorous and can eat meat at any time.
Scrolls take you a little longer to read.
You can breathe flames.
Your magical capacity is low (-10% MP).


Message History

You hit something but do no damage. You miss something. Something hits you!
* * * LOW HITPOINT WARNING * * *
Something burns you.
* * * LOW HITPOINT WARNING * * *
You barely miss something. You closely miss something. Something misses you.
You hit something but do no damage. You hit something.
You hit something but do no damage. Something closely misses you.
You hit something. You hit something but do no damage. Something misses you.
You hit something but do no damage. You hit something but do no damage.
You miss something. Something completely misses you.
You closely miss something. You barely miss something. Something hits you!
* * * LOW HITPOINT WARNING * * *
Something burns you.
You die...

#..........##.##
##.............#
#.#.............#
.#.......[.......#
..'..............##
.#..............#
..#....)))......##
...'....())....###
..#...))@)..(##
#.....{.....#
##.........##
#.........##
#...........#
##..#........#
...........#
.........# ..#.


There were no monsters in sight!

Vanquished Creatures
  Snorg (Orc:1)
  An unseen horror (D:10)
  2 hill giants (D:10)
  An orc knight (Orc:2)
  Maurice (D:8)
  4 wandering mushrooms (D:8)
  3 trolls
  A boulder beetle (D:9)
  A deep elf mage (D:10)
  8 yaks (D:10)
  Eustachio (D:5)
  3 wargs
  2 water moccasins (D:10)
  5 orc warriors
  4 sky beasts
  3 porcupines (D:10)
  A black bear (D:8)
  A phantom (D:9)
  An eye of draining (D:10)
  4 centaurs
  A big kobold (D:10)
  6 ogres
  A wyvern zombie (D:10)
  5 giant frogs
  2 scorpions
  7 wights
  8 killer bees
  2 oklob saplings (D:8)
  A quasit (D:5)
  13 orc priests
  A crimson imp (D:8)
  22 orc wizards
  6 hounds
  3 jellies
  6 iguanas
  A big kobold zombie (D:10)
  5 worker ants
  2 killer bee zombies (D:8)
  4 hound skeletons
  A worker ant zombie (D:8)
  3 river rats (D:10)
  2 shadow imps
  7 adders
  2 adder skeletons
  8 giant geckos
  2 oozes
  87 orcs
  2 bat skeletons
  A bat zombie (D:7)
  3 giant cockroaches
  20 hobgoblins
  2 ball pythons (D:10)
  14 bats
  4 giant newts
  A giant spore (D:10)
  15 goblins
  12 jackals
  26 kobolds
  3 kobold zombies (D:10)
  An orc zombie (D:10)
  5 quokkas
  12 rats
  3 ballistomycetes
380 creatures vanquished.

Vanquished Creatures (others)
  2 killer bees (D:10)
  An orc wizard (D:6)
  2 hobgoblins (Orc:2)
  A giant spore (D:6)
6 creatures vanquished.

Grand Total: 386 creatures vanquished

Notes
Turn   | Place    | Note
--------------------------------------------------------------
     0 | D:1      | Leibowitz, the Kobold Fighter, began the quest for the Orb.
     0 | D:1      | Reached XP level 1. HP: 14/14 MP: 1/1
   143 | D:1      | Reached skill level 1 in Stealth
   143 | D:1      | Reached XP level 2. HP: 6/19 MP: 2/2
   387 | D:1      | Reached skill level 1 in Dodging
   660 | D:1      | Reached XP level 3. HP: 23/23 MP: 3/3
  1191 | D:2      | Found a shattered altar of Ashenzari.
  1475 | D:2      | Reached XP level 4. HP: 29/29 MP: 4/4
  1685 | D:2      | Found a basalt altar of Yredelemnul.
  2907 | D:3      | Reached XP level 5. HP: 33/33 MP: 5/5
  3526 | D:4      | Reached XP level 6. HP: 38/38 MP: 6/6
  3538 | D:4      | Got a scintillating crystal amulet
  3540 | D:4      | Identified the amulet "Chum" {Faith Str+8 Int+4 Dex+6 Stlth-} (You found it on level 4 of the Dungeon)
  3785 | D:4      | Noticed an ogre
  3885 | D:4      | Reached skill level 4 in Dodging
  3889 | D:4      | HP: 1/38 [hound skeleton (4)]
  4243 | D:4      | Killed an ogre
  4243 | D:4      | Reached XP level 7. HP: 43/43 MP: 7/7
  4754 | D:5      | Entered Level 5 of the Dungeon
  4769 | D:5      | Found a staircase to the Ecumenical Temple.
  4778 | Temple   | Entered the Ecumenical Temple
  4880 | Temple   | Became a worshipper of Warmaster Okawaru
  5366 | D:5      | Reached skill level 5 in Dodging
  5428 | D:5      | Noticed Eustachio
  5437 | D:5      | Killed Eustachio
  5683 | D:5      | Reached XP level 8. HP: 42/48 MP: 8/8
  5715 | D:5      | Acquired Okawaru's first power
  5715 | D:5      | Reached skill level 6 in Dodging
  6440 | D:6      | Reached skill level 5 in Stealth
  6546 | D:6      | Reached skill level 5 in Fighting
  6546 | D:6      | Reached skill level 7 in Dodging
  6792 | D:7      | Reached skill level 5 in Short Blades
  6867 | D:7      | Reached XP level 9. HP: 54/54 MP: 9/9
  7408 | D:8      | Noticed Maurice
  7420 | D:8      | Killed Maurice
  7420 | D:8      | Reached skill level 8 in Dodging
  7473 | D:8      | Found Qazxief's Book Shop.
  8185 | D:8      | Noticed a wandering mushroom
  8186 | D:8      | Killed a wandering mushroom
  8186 | D:8      | Reached skill level 5 in Shields
  8186 | D:8      | Reached XP level 10. HP: 60/60 MP: 10/10
  8190 | D:8      | Noticed a wandering mushroom
  8210 | D:8      | Killed a wandering mushroom
  8213 | D:8      | Found a blossoming altar of Fedhas.
  8213 | D:8      | Noticed a wandering mushroom
  8213 | D:8      | Noticed a wandering mushroom
  8241 | D:8      | Killed a wandering mushroom
  8257 | D:8      | Killed a wandering mushroom
  8257 | D:8      | Reached skill level 9 in Dodging
  9148 | D:9      | Gained mutation: Scrolls take you a little longer to read. [potion of mutation]
  9148 | D:9      | Gained mutation: You can breathe flames. [potion of mutation]
  9148 | D:9      | Gained mutation: Your magical capacity is low (-10% MP). [potion of mutation]
  9161 | D:9      | Found a deep blue altar of Sif Muna.
  9354 | D:10     | Entered Level 10 of the Dungeon
  9475 | D:10     | Acquired Okawaru's second power
  9484 | D:10     | Reached XP level 11. HP: 64/66 MP: 9/9
  9593 | D:10     | Reached skill level 10 in Dodging
  9606 | D:10     | Found a staircase to the Orcish Mines.
  9712 | D:10     | Killed an unseen horror
  9712 | D:10     | Reached skill level 5 in Armour
 10047 | D:10     | Received a gift from Okawaru
 10050 | D:10     | Got a distressingly furry robe {god gift}
 10061 | D:10     | Identified the -4 robe "Groor" {rPois Str+6} (Okawaru gifted it to you on level 10 of the Dungeon)
 10611 | D:10     | Found Wekacet's Serpentskin Sales.
 10703 | D:10     | Noticed a hill giant
 10718 | D:10     | Killed a hill giant
 10718 | D:10     | Reached skill level 10 in Short Blades
 11110 | D:10     | Noticed a hill giant
 11125 | D:10     | Killed a hill giant
 11240 | D:10     | Found a staircase to the Lair.
 11451 | Orc:1    | Entered Level 1 of the Orcish Mines
 11452 | Orc:1    | Found Brabibbo's Antique Weapon Shop.
 11518 | Orc:1    | Noticed Snorg
 11525 | Orc:1    | Killed Snorg
 11525 | Orc:1    | Reached skill level 11 in Dodging
 11573 | Orc:1    | Found a roughly hewn altar of Beogh.
 11947 | Orc:2    | Reached XP level 12. HP: 72/74 MP: 10/10
 12127 | Orc:2    | Found Stroucsau's Distillery.
 12163 | Orc:2    | Bought a potion of heal wounds for 70 gold pieces
 12163 | Orc:2    | Bought a potion of curing for 42 gold pieces
 13518 | Orc:2    | Noticed Erica
 13571 | Orc:2    | Slain by Erica

Action                   |  1- 3 |  4- 6 |  7- 9 | 10-12 || total
-------------------------+-------+-------+-------+-------++-------
Melee: Rapier            |   151 |   102 |   258 |   672 ||  1183
       Dagger            |       |   123 |    97 |   217 ||   437
 Fire: Blowgun           |       |       |    11 |       ||    11
Evoke: Wand              |       |       |     2 |     1 ||     3
  Use: Scroll            |       |    10 |     1 |     4 ||    15
       Potion            |       |     2 |     7 |     5 ||    14
 Stab: Sleeping          |       |     3 |    16 |     9 ||    28
  Eat: Chunk             |    10 |     9 |    13 |    18 ||    50
